[Event "Belt and Road Women 2024"]
[Site "Yuecheng Shaoxing"]
[Date "2024.07.24"]
[Round "1.1"]
[White "Tan, Zhongyi"]
[Black "Chen, Yining"]
[Result "1-0"]
[ECO "A11"]
[WhiteElo "2540"]
[BlackElo "2300"]
[Annotator "TA"]
[PlyCount "67"]
[EventDate "2024.08.01"]
[EventType "swiss"]
[EventCountry "CHN"]
[SourceTitle "playchess.com"]
[Source "ChessBase"]
[SourceQuality "1"]
[TimeControl "5400+30"]

1. Nf3 d5 2. c4 c6 3. g3 Bg4 4. Ne5 Bf5 5. Qb3 Qb6 6. cxd5 Qxb3 7. axb3 Bxb1 $1 8. Rxb1 {[%emt 0:06:31] Bg2 would now be deadly. The position is equal.} cxd5 9. d4 e6 10. e3 {[%emt 0:00:46] aiming for Bb5+.} Bd6 11. Nd3 Nf6 12. f3 Nc6 13. Bd2 O-O 14. Rc1 Rfc8 15. b4 Ne7 16. Nc5 b6 17. Ba6 $1 Rc7 {[%emt 0:04:38][%cal Oa8b8] [#]} 18. Ke2 $1 Rb8 {[%emt 0:06:11] Wards off Nb7} (18... bxc5 19. bxc5 Bxg3 20. hxg3 $18) 19. Bd3 bxc5 20. bxc5 Bxc5 21. Rxc5 Rxc5 22. dxc5 Rxb2 23. Ra1 $1 Nc6 24. Ra6 Ne5 25. c6 {[%emt 0:04:48] And now c7 would win.} (25. Rxa7 Kf8) 25... Ne8 (25... Nxf3 $2 26. c7 (26. Rxa7 Rxd2+ 27. Kxf3 g5 $18) 26... g6 27. c8=Q+ $18 (27. c8=R+ Kg7 $18) (27. Kxf3 Rxd2 28. c8=Q+ Kg7 $18)) 26. f4 Nc4 {[%emt 0:03:28][%mdl 8192] Loses the game.} (26... Nf3 $1 $11 {and Black is okay.} 27. Kxf3 Rxd2) 27. Bxc4 $1 $18 dxc4 28. Rxa7 {[%emt 0:01:09][%mdl 4096] Endgame. KRB-KRN} Rb8 {[%emt 0:02:30] Dodges Ra8} ({Avoid the trap} 28... c3 $2 29. Ra8 Rxd2+ 30. Kf3 $18) 29. Ba5 Kf8 30. Rd7 Nf6 {[%emt 0:01:44] [#]} 31. Bb4+ $1 {[%emt 0:00:28][%mdl 512] White is clearly winning.} Kg8 (31... Rxb4 $2 {is the wrong capture.} 32. Rd8+ (32. c7 Nxd7 33. c8=Q+ Ke7 $14) 32... Ke7 33. c7 Rb2+ 34. Kf3) 32. Rb7 Rc8 33. c7 Nd7 {[%emt 0:00:30] Dodges Rb8} 34. Bd6 {[%emt 0:00:07] Weighted Error Value: White=0.04 (flawless) /Black=0.30.  Loses game:     	---       	Black=1      Inaccurate:     	White=1     	Black=1      OK:         	White=8     	Black=13     Best:        	White=3     	Black=2      Strong:       	White=3     	Black=1} 1-0

[Event "Belt and Road Women 2024"]
[Site "Yuecheng Shaoxing"]
[Date "2024.07.24"]
[Round "1.2"]
[White "Velikic, Adela"]
[Black "Shuvalova, Polina"]
[Result "1-0"]
[ECO "C84"]
[WhiteElo "2290"]
[BlackElo "2467"]
[Annotator "TA"]
[PlyCount "107"]
[EventDate "2024.08.01"]
[EventType "swiss"]
[EventCountry "CHN"]
[SourceTitle "playchess.com"]
[Source "ChessBase"]
[SourceQuality "1"]
[TimeControl "5400+30"]

1. e4 e5 2. Nf3 Nc6 3. Bb5 a6 4. Ba4 Nf6 5. O-O Be7 6. d3 b5 7. Bb3 d6 8. Bd2 Bg4 9. c3 {[%emt 0:02:03] Repels Nd4} O-O 10. h3 {[%emt 0:00:07] The position is equal.} Bh5 11. Re1 Na5 12. Bc2 c5 13. Bc1 Nc6 14. Nbd2 Qc7 15. Nf1 Rad8 16. Ng3 Bg6 17. Qe2 Rfe8 18. Nh4 d5 19. Nhf5 b4 (19... h6 $11) 20. Bg5 h6 21. Nxe7+ Qxe7 22. Bh4 bxc3 23. bxc3 d4 24. Ba4 Qe6 25. c4 (25. Nf5 {is interesting.} dxc3 26. Bb3 Qc8 27. Bxf6 gxf6 28. Nh4) 25... Rb8 26. Bxf6 Qxf6 27. Rab1 Rec8 28. Bxc6 Qxc6 29. Rb2 Rb4 30. Reb1 Rcb8 31. h4 f6 32. Rxb4 Rxb4 33. Rf1 Qb7 34. Qg4 Kh7 35. h5 Be8 36. Qf5+ Kg8 37. f4 Qd7 (37... exf4 $11 {remains equal.} 38. Qxf4 Rb1) 38. fxe5 $16 {[%emt 0:00:12] e6 is the strong threat.} Qxf5 39. Rxf5 {[%emt 0:00:16][%mdl 4096] Endgame. KRB-KRN} Bd7 40. e6 $1 Bxe6 41. Rxc5 Ra4 42. Rc6 (42. Ne2 $142) 42... Kf7 (42... Bg4 $16) 43. Rc7+ $18 Kf8 (43... Kg8 $16) 44. Ne2 Rxa2 45. Nxd4 Bg4 {[%emt 0:00:11][%cal Oa2a3] [#]} 46. Nc6 {[%emt 0:01:39] White is more active.} (46. Kh2 $1 $16 {[%cal Rh2g3] Kg3 would now be deadly.} Ra3 47. Kg3 Rxd3+ 48. Kxg4 Rxd4 49. Kf5) 46... a5 {[%emt 0:04:28] [#] This costs Black the game.} ({Black should play} 46... Rc2 $14) 47. d4 $1 a4 48. Ra7 a3 (48... Re2 $142 49. Ra8+ (49. Rxa4 Rxe4 50. d5 Bxh5 $18) 49... Kf7 50. Rxa4 Rxe4) 49. e5 Rc2 $2 (49... Bf5 {was called for.} 50. d5 fxe5) 50. d5 (50. Rxa3 Bxh5 51. Ra8+ Be8 $14) 50... a2 $2 (50... Bxh5 $18 51. e6 (51. Rxa3 Rxc4 52. Ra8+ Be8 $18) 51... Be8) 51. Ra8+ {[%emt 0:00:25] White mates.} Kf7 52. e6+ Bxe6 53. dxe6+ Kxe6 54. Nd4+ {[%emt 0:00:04] Weighted Error Value: White=0.18 (very precise) /Black=0.45.  Mistake:       	White=2     	Black=8      Inaccurate:     	White=4     	Black=2      OK:         	White=15    	Black=21     Best:        	White=3     	Black=1      Strong:       	White=2     	---} 1-0

[Event "Belt and Road Women 2024"]
[Site "Yuecheng Shaoxing"]
[Date "2024.07.24"]
[Round "1.3"]
[White "Wagner, Dinara"]
[Black "Wang, Chuqiao"]
[Result "1-0"]
[ECO "E11"]
[WhiteElo "2454"]
[BlackElo "2278"]
[Annotator "RC"]
[PlyCount "89"]
[EventDate "2024.08.01"]
[EventType "swiss"]
[EventCountry "CHN"]
[SourceTitle "playchess.com"]
[Source "ChessBase"]
[SourceQuality "1"]
[TimeControl "5400+30"]

1. Nf3 d5 2. c4 c6 3. d4 Nf6 4. g3 e6 5. Bg2 Bb4+ 6. Bd2 Be7 7. O-O O-O 8. Qc2 b6 9. Ne5 Bb7 10. Nc3 Nbd7 11. e4 dxe4 12. Nxe4 Qc8 13. Nxf6+ Nxf6 14. c5 Nd5 15. Rfe1 Bf6 16. Rac1 Qc7 17. Qe4 Rad8 18. h4 Ne7 19. Bf4 Qc8 20. Bg5 Bxg5 21. hxg5 Nf5 22. Red1 bxc5 23. dxc5 Rxd1+ 24. Rxd1 Rd8 25. Qa4 Rxd1+ 26. Qxd1 g6 27. Nd7 h5 28. Be4 Ne7 29. Nf6+ Kf8 30. Qd6 Ba6 31. b3 Bb7 32. Bd3 a5 33. a4 Qa8 34. Bc4 Qc8 35. Bd3 Qa8 36. Kg2 Qc8 37. Kf3 Qa8 38. Ke3 Qc8 39. Kd2 Qa8 40. Be4 Qc8 41. Nd7+ Ke8 42. Nb6 Qd8 43. Nc4 Ba6 44. Qxd8+ Kxd8 45. Nd6 1-0

[Event "Belt and Road Women 2024"]
[Site "Yuecheng Shaoxing"]
[Date "2024.07.24"]
[Round "1.4"]
[White "Soumya, Swaminathan"]
[Black "Garifullina, Leya"]
[Result "0-1"]
[ECO "C77"]
[WhiteElo "2258"]
[BlackElo "2458"]
[Annotator "TA"]
[PlyCount "84"]
[EventDate "2024.08.01"]
[EventType "swiss"]
[EventCountry "CHN"]
[SourceTitle "playchess.com"]
[Source "ChessBase"]
[SourceQuality "1"]
[TimeControl "5400+30"]

1. e4 e5 2. Nf3 Nc6 3. Bb5 a6 4. Ba4 Nf6 5. d3 Bc5 6. c3 b5 7. Bc2 d6 8. O-O O-O 9. h3 Bb6 {[%emt 0:01:39] The position is equal.} 10. Re1 h6 11. Nbd2 Ne7 12. d4 Ng6 13. Nf1 Re8 14. Ng3 Bd7 15. Be3 c5 16. Qd2 exd4 17. Bxh6 gxh6 18. Qxh6 {[%emt 0:02:45][%cal Oe4e5] e5! would now be deadly.} Qe7 {[%emt 0:07:19] Threatens to win with ...Qf8.} 19. e5 $1 dxe5 20. Nxe5 Qf8 (20... Nxe5 21. Nh5 (21. Qg5+ Ng6 $18) (21. Qg5+ Ng6 $18)) 21. Qg5 Qg7 22. Nh5 (22. Nxd7 $11 Nxd7 23. Nh5) 22... Nxh5 $15 23. Nxd7 Ngf4 24. Qxg7+ Kxg7 25. Nxb6 {[%emt 0:00:18] [#]} d3 $1 {[%emt 0:01:36] Strongly threatening ...Rxe1+.} 26. Bb3 {[%emt 0:04:28] [#] Loses the game.} (26. Nxa8 $17 Rxe1+ 27. Rxe1 dxc2 28. Nc7) 26... Ne2+ $1 $19 {[%emt 0:02:01][%mdl 1024] Black has strong compensation.} (26... d2 27. Rxe8 Rxe8 28. Rd1 Re1+ 29. Kh2) 27. Kf1 Rad8 28. c4 Rd4 $36 {[%emt 0:03:26][%mdl 2048] Black has strong initiative.} 29. g4 $2 (29. Bd1 Re6 (29... bxc4 30. Bxe2 dxe2+ 31. Rxe2 $16) 30. Bxe2 dxe2+ 31. Rxe2 Rxb6 32. cxb5) 29... Nhf4 30. Nd5 Nxd5 31. cxd5 Rh8 (31... c4 $2 32. Bd1 Rde4 (32... Rxd5 33. Bxe2 dxe2+ 34. Rxe2 $14) 33. Bxe2 dxe2+ (33... Rxe2 34. Rxe2 Rxe2 35. Re1 $11) 34. Kg2 $19) 32. Bd1 Nf4 (32... Rxd5 33. Bxe2 dxe2+ 34. Rxe2 $15) 33. Re3 Nxd5 (33... Rxd5 34. a4 $19) 34. Rg3 (34. Rf3 $142) 34... Nf4 35. a4 c4 {[%emt 0:00:33] aiming for ...b4.} ({Much less strong is} 35... Rxh3 36. Rxh3 Nxh3 37. axb5 axb5 38. Ke1 $19) 36. axb5 axb5 (36... Nxh3 37. bxa6 Ng5 38. Re3 $16 (38. a7 Ra8 $16)) 37. Ra5 b4 {[%emt 0:00:08][%cal Oc4c3] Hoping for ...c3!} ({Not} 37... Rxh3 38. Rxh3 Nxh3 39. Rxb5 $17) 38. Rg5+ Kh6 39. Ra5 c3 40. bxc3 bxc3 41. g5+ Kg7 {[%emt 0:00:07][%cal Oc3c2] ( -> ...c2!)} 42. Rc5 c2 {[%emt 0:00:16] Weighted Error Value: White=0.90/Black=0.18 (very precise) .  Mistake:       	White=4     	---        Inaccurate:     	White=2     	Black=3      OK:         	White=9     	Black=12     Best:        	---       	Black=6      Strong:       	White=1     	Black=2} 0-1

[Event "Belt and Road Women 2024"]
[Site "Yuecheng Shaoxing"]
[Date "2024.07.24"]
[Round "1.5"]
[White "Lu, Miaoyi"]
[Black "Wang, Yu A."]
[Result "1/2-1/2"]
[ECO "E14"]
[WhiteElo "2449"]
[BlackElo "2234"]
[Annotator "RC"]
[PlyCount "119"]
[EventDate "2024.08.01"]
[EventType "swiss"]
[EventCountry "CHN"]
[SourceTitle "playchess.com"]
[Source "ChessBase"]
[SourceQuality "1"]
[TimeControl "5400+30"]

1. d4 Nf6 2. c4 e6 3. Nf3 Bb4+ 4. Nbd2 b6 5. a3 Bxd2+ 6. Qxd2 Bb7 7. e3 O-O 8. Be2 d5 9. b3 c5 10. dxc5 Ne4 11. Qc2 dxc4 12. Bxc4 Nxc5 13. Bb2 Nbd7 14. Rd1 Qe7 15. h4 Be4 16. Qc3 Nf6 17. Ng5 Rac8 18. Qe5 Bc2 19. Rd6 Rfd8 20. Rxd8+ Rxd8 21. O-O Bxb3 22. Bxb3 Nxb3 23. Ne4 Ne8 24. h5 h6 25. a4 Qc7 26. Qxc7 Nxc7 27. Be5 Nd5 28. Rb1 Nc5 29. Nxc5 bxc5 30. Rc1 Rc8 31. Bd4 c4 32. Bxa7 Ra8 33. Bd4 Rxa4 34. Kf1 f6 35. f4 c3 36. g3 e5 37. fxe5 fxe5 38. Bxe5 Nxe3+ 39. Ke2 Nd5 40. Bxc3 Rc4 41. Bd2 Rxc1 42. Bxc1 Nf6 43. Kf3 Nxh5 44. g4 Nf6 45. g5 hxg5 46. Bxg5 Kf7 47. Bxf6 Kxf6 48. Kf4 Kg6 49. Kg4 Kh6 50. Kh4 g6 51. Kg4 g5 52. Kg3 Kh5 53. Kh3 g4+ 54. Kg2 Kg5 55. Kg3 Kf5 56. Kg2 Kf4 57. Kf2 g3+ 58. Kg2 Kg4 59. Kg1 Kf3 60. Kf1 1/2-1/2

[Event "Belt and Road Women 2024"]
[Site "Yuecheng Shaoxing"]
[Date "2024.07.24"]
[Round "1.6"]
[White "Kurmangaliyeva, Liya"]
[Black "Mammadzada, Gunay"]
[Result "1-0"]
[ECO "B90"]
[WhiteElo "2282"]
[BlackElo "2444"]
[Annotator "RC"]
[PlyCount "79"]
[EventDate "2024.08.01"]
[EventType "swiss"]
[EventCountry "CHN"]
[SourceTitle "playchess.com"]
[Source "ChessBase"]
[SourceQuality "1"]
[TimeControl "5400+30"]

1. e4 c5 2. Nf3 d6 3. d4 cxd4 4. Nxd4 Nf6 5. Nc3 a6 6. h3 e5 7. Nf3 Qc7 8. g4 h6 9. Be3 b5 10. a4 b4 11. Nd5 Nxd5 12. exd5 Nd7 13. Bg2 Be7 14. Qd2 Rb8 15. g5 hxg5 16. Nxg5 Nf8 17. h4 f6 18. Nf3 f5 19. Bg5 Ng6 20. Bxe7 Kxe7 21. Bf1 Kf8 22. Rg1 Nf4 23. Nd4 Nxd5 24. Nxf5 Bxf5 25. Qxd5 Rxh4 26. Bd3 Bxd3 27. Qxd3 Rd8 28. O-O-O b3 29. Qxb3 Rc8 30. Rd3 Rc4 31. Rf3+ Ke8 32. c3 Qc6 33. Rh3 Kf7 34. Rhg3 Qxa4 35. Qb7+ R8c7 36. Rxg7+ Ke6 37. R1g6+ Kf5 38. Qf3+ Rf4 39. Qh3+ Ke4 40. Qg2+ 1-0

[Event "Belt and Road Women 2024"]
[Site "Yuecheng Shaoxing"]
[Date "2024.07.24"]
[Round "1.7"]
[White "Stefanova, Antoaneta"]
[Black "Kairbekova, Amina"]
[Result "1/2-1/2"]
[ECO "E73"]
[WhiteElo "2417"]
[BlackElo "2244"]
[Annotator "RC"]
[PlyCount "62"]
[EventDate "2024.08.01"]
[EventType "swiss"]
[EventCountry "CHN"]
[SourceTitle "playchess.com"]
[Source "ChessBase"]
[SourceQuality "1"]
[TimeControl "5400+30"]

1. d4 Nf6 2. c4 g6 3. Nc3 Bg7 4. e4 d6 5. Be2 O-O 6. h4 c5 7. d5 b5 8. cxb5 a6 9. a4 axb5 10. Bxb5 Ba6 11. Bxa6 Nxa6 12. Nf3 Qd7 13. O-O Ng4 14. Ra3 Rfb8 15. Nb5 Nc7 16. Nxc7 Qxc7 17. Nd2 h5 18. Qc2 Rb4 19. b3 Qd7 20. Nc4 Ne5 21. Ne3 c4 22. f4 cxb3 23. Rxb3 Rxb3 24. Qxb3 Ng4 25. Nxg4 Qxg4 26. Be3 Qg3 27. Rf3 Qe1+ 28. Rf1 Qg3 29. Rf3 Qxh4 30. Qb4 Qg4 31. a5 h4 1/2-1/2

[Event "Belt and Road Women 2024"]
[Site "Yuecheng Shaoxing"]
[Date "2024.07.24"]
[Round "1.8"]
[White "Li, Xueyi"]
[Black "Beydullayeva, Govhar"]
[Result "1/2-1/2"]
[ECO "D43"]
[WhiteElo "2209"]
[BlackElo "2417"]
[Annotator "RC"]
[PlyCount "61"]
[EventDate "2024.08.01"]
[EventType "swiss"]
[EventCountry "CHN"]
[SourceTitle "playchess.com"]
[Source "ChessBase"]
[SourceQuality "1"]
[TimeControl "5400+30"]

1. d4 Nf6 2. c4 e6 3. Nf3 d5 4. Nc3 c6 5. Qd3 dxc4 6. Qxc4 b5 7. Qd3 a6 8. e4 c5 9. Bg5 c4 10. Qd1 Qa5 11. Bxf6 gxf6 12. Be2 Bb7 13. d5 Nd7 14. dxe6 fxe6 15. Nd4 Nc5 16. Bh5+ Ke7 17. O-O Rd8 18. Qd2 Qb6 19. Qe3 Kd7 20. a4 b4 21. a5 Qd6 22. Rad1 bxc3 23. Nb5 axb5 24. Qxc5 Bd5 25. Qxb5+ Qc6 26. Qxc6+ Kxc6 27. exd5+ exd5 28. bxc3 Bd6 29. f4 Ra8 30. Ra1 Rhb8 31. g3 1/2-1/2

[Event "Belt and Road Women 2024"]
[Site "Yuecheng Shaoxing"]
[Date "2024.07.24"]
[Round "1.9"]
[White "Badelka, Olga"]
[Black "Zhang, Xiao"]
[Result "1-0"]
[ECO "A11"]
[WhiteElo "2389"]
[BlackElo "2193"]
[Annotator "RC"]
[PlyCount "68"]
[EventDate "2024.08.01"]
[EventType "swiss"]
[EventCountry "CHN"]
[SourceTitle "playchess.com"]
[Source "ChessBase"]
[SourceQuality "1"]
[TimeControl "5400+30"]

1. Nf3 d5 2. g3 c6 3. Bg2 Bg4 4. O-O Nf6 5. c4 e6 6. cxd5 exd5 7. d3 Be7 8. Nc3 Nbd7 9. h3 Bxf3 10. Bxf3 O-O 11. e4 dxe4 12. dxe4 Nc5 13. Be3 Re8 14. Qc2 Qd3 15. Qxd3 Nxd3 16. Be2 Nc5 17. e5 Nfd7 18. f4 a5 19. Rad1 Rad8 20. Kg2 g6 21. Rd2 Nf8 22. Rfd1 Rxd2 23. Rxd2 Nfe6 24. g4 b6 25. Kf3 f6 26. Bc4 b5 27. Bxc5 Bxc5 28. Bxe6+ Rxe6 29. Ne4 Be7 30. exf6 Rxf6 31. Nxf6+ Bxf6 32. b3 c5 33. Rc2 Bd4 34. Ke4 Kf7 1-0

[Event "Belt and Road Women 2024"]
[Site "Yuecheng Shaoxing"]
[Date "2024.07.24"]
[Round "1.10"]
[White "Ha, Yihan"]
[Black "Pham, Le Thao Nguyen"]
[Result "0-1"]
[ECO "D36"]
[WhiteElo "2166"]
[BlackElo "2395"]
[Annotator "RC"]
[PlyCount "108"]
[EventDate "2024.08.01"]
[EventType "swiss"]
[EventCountry "CHN"]
[SourceTitle "playchess.com"]
[Source "ChessBase"]
[SourceQuality "1"]
[TimeControl "5400+30"]

1. d4 Nf6 2. c4 e6 3. Nc3 d5 4. cxd5 exd5 5. Bg5 c6 6. e3 h6 7. Bh4 Be7 8. Bd3 O-O 9. Qc2 Re8 10. Nge2 a5 11. O-O Na6 12. a3 Nc7 13. Bg3 Ne6 14. h3 Bd6 15. Rac1 Ng5 16. Rfd1 Qe7 17. Bxd6 Qxd6 18. Nf4 Bd7 19. Na4 Nge4 20. Nc5 Rab8 21. b4 axb4 22. axb4 g5 23. Ne2 g4 24. Bxe4 dxe4 25. h4 Bf5 26. Ng3 Bg6 27. Qe2 h5 28. b5 Nd5 29. bxc6 bxc6 30. Nf1 Ra8 31. g3 Nb4 32. Qc4 Reb8 33. Nd2 Qd5 34. Rb1 Nd3 35. Qxd5 cxd5 36. Rxb8+ Rxb8 37. Ndb3 Nb2 38. Ra1 Kg7 39. Ra7 Nd3 40. Rd7 Ra8 41. Kf1 Ra2 42. Nxd3 exd3 43. Ke1 Re2+ 44. Kd1 Rxf2 45. Rxd5 Rg2 46. Re5 Rxg3 47. d5 Rg1+ 48. Kd2 g3 49. Rg5 Rg2+ 50. Kd1 Kf6 51. Nd4 Ke7 52. Nf5+ Bxf5 53. Rxf5 Rf2 54. Rg5 g2 0-1

[Event "Belt and Road Women 2024"]
[Site "Yuecheng Shaoxing"]
[Date "2024.07.24"]
[Round "1.11"]
[White "Velpula Sarayu"]
[Black "Zhang, Lanlin"]
[Result "1-0"]
[ECO "B94"]
[WhiteElo "2384"]
[BlackElo "2161"]
[Annotator "RC"]
[PlyCount "67"]
[EventDate "2024.08.01"]
[EventType "swiss"]
[EventCountry "CHN"]
[SourceTitle "playchess.com"]
[Source "ChessBase"]
[SourceQuality "1"]
[TimeControl "5400+30"]

1. e4 c5 2. Nf3 d6 3. d4 cxd4 4. Nxd4 Nf6 5. Nc3 a6 6. Bg5 Nbd7 7. Bc4 Qb6 8. Bb3 e6 9. a4 Nc5 10. Bxf6 gxf6 11. a5 Qc7 12. O-O h5 13. f4 Bd7 14. f5 Be7 15. Ba2 b6 16. fxe6 fxe6 17. Qf3 bxa5 18. e5 O-O-O 19. exf6 Bf8 20. Kh1 d5 21. Qe2 Bd6 22. Nb3 Qb6 23. Nxc5 Bxc5 24. Bb3 Bd6 25. Ba4 Bc7 26. Rf3 Qd6 27. Rh3 Rh6 28. Bxd7+ Rxd7 29. Rd1 Qc6 30. Rf3 Rf7 31. Rdf1 h4 32. Qd2 Rh5 33. Ne2 Qd6 34. Qf4 1-0

[Event "Belt and Road Women 2024"]
[Site "Yuecheng Shaoxing"]
[Date "2024.07.24"]
[Round "1.12"]
[White "Wang, Qinxuanyi"]
[Black "Guo, Qi"]
[Result "1/2-1/2"]
[ECO "D38"]
[WhiteElo "2149"]
[BlackElo "2362"]
[Annotator "RC"]
[PlyCount "70"]
[EventDate "2024.08.01"]
[EventType "swiss"]
[EventCountry "CHN"]
[SourceTitle "playchess.com"]
[Source "ChessBase"]
[SourceQuality "1"]
[TimeControl "5400+30"]

1. d4 Nf6 2. c4 e6 3. Nf3 d5 4. Nc3 Bb4 5. Bg5 h6 6. Bxf6 Qxf6 7. e3 O-O 8. Rc1 c6 9. Bd3 Nd7 10. O-O Qe7 11. e4 dxc4 12. Bxc4 e5 13. d5 Nb6 14. Bb3 Bg4 15. dxc6 bxc6 16. Qe2 Qf6 17. Qe3 Bxf3 18. Qxf3 Qxf3 19. gxf3 Rfd8 20. Na4 Rac8 21. Nxb6 axb6 22. Rfd1 Rd4 23. Rxd4 exd4 24. Bc4 Bd6 25. Bb5 c5 26. h3 Bf4 27. Rd1 Rc7 28. Kf1 Re7 29. Ke2 Re5 30. b3 Rg5 31. Rh1 Kf8 32. a4 Ke7 33. Bc4 Rg2 34. Kf1 Rg6 35. Rg1 Rxg1+ 1/2-1/2

[Event "Belt and Road Women 2024"]
[Site "Yuecheng Shaoxing"]
[Date "2024.07.24"]
[Round "1.13"]
[White "Zhai, Mo"]
[Black "Hu, Jiani"]
[Result "1-0"]
[ECO "A90"]
[WhiteElo "2348"]
[BlackElo "2148"]
[Annotator "RC"]
[PlyCount "99"]
[EventDate "2024.08.01"]
[EventType "swiss"]
[EventCountry "CHN"]
[SourceTitle "playchess.com"]
[Source "ChessBase"]
[SourceQuality "1"]
[TimeControl "5400+30"]

1. d4 e6 2. c4 d5 3. Nf3 c6 4. Nbd2 f5 5. g3 Nf6 6. Bg2 Bd6 7. b3 O-O 8. a4 a5 9. Ba3 Bxa3 10. Rxa3 Qe7 11. Ra1 Nbd7 12. O-O Ne4 13. Qc1 Qb4 14. Rd1 Ndf6 15. Ne5 Qb6 16. Qb2 Nxd2 17. Rxd2 Bd7 18. c5 Qc7 19. b4 Be8 20. Rc2 Ng4 21. Nd3 g5 22. h3 Nh6 23. bxa5 f4 24. gxf4 gxf4 25. Ne5 Nf5 26. Kh1 Bg6 27. Rd2 Rxa5 28. Bf3 Kh8 29. Rdd1 Qe7 30. Rg1 Be8 31. Qd2 Qh4 32. Rg2 Ra7 33. Bg4 h5 34. Bxf5 Rxf5 35. Qd3 f3 36. Nxf3 Qxh3+ 37. Rh2 Qg4 38. Qe3 Rf6 39. Rh4 Qf5 40. Kh2 Ra8 41. Rg1 Rg6 42. Rf4 Qc2 43. Qe5+ Kg8 44. Qxe6+ Kg7 45. Qe7+ Kh6 46. Qf8+ Kh7 47. Ng5+ Rxg5 48. Qe7+ Kh8 49. Rf8+ Rg8 50. Rgxg8# 1-0

[Event "Belt and Road Women 2024"]
[Site "Yuecheng Shaoxing"]
[Date "2024.07.24"]
[Round "1.14"]
[White "Gu, Xiaobing"]
[Black "Ni, Shiqun"]
[Result "0-1"]
[ECO "C47"]
[WhiteElo "2135"]
[BlackElo "2352"]
[Annotator "RC"]
[PlyCount "92"]
[EventDate "2024.08.01"]
[EventType "swiss"]
[EventCountry "CHN"]
[SourceTitle "playchess.com"]
[Source "ChessBase"]
[SourceQuality "1"]
[TimeControl "5400+30"]

1. e4 e5 2. Nf3 Nf6 3. Nc3 Nc6 4. d4 exd4 5. Nxd4 Bb4 6. Nxc6 bxc6 7. Bd3 d5 8. Bd2 O-O 9. O-O Bxc3 10. Bxc3 Nxe4 11. Bxe4 dxe4 12. Qh5 Qd5 13. Qh4 Bf5 14. Rfd1 Qe6 15. Qg3 f6 16. Qxc7 e3 17. Rd6 exf2+ 18. Kxf2 Qe4 19. Qxc6 Qxc2+ 20. Rd2 Qe4 21. Qxe4 Bxe4 22. Re1 Rfe8 23. Rd7 a6 24. g4 Bc6 25. Rxe8+ Rxe8 26. Ra7 Bb5 27. g5 Re6 28. h4 Be8 29. gxf6 gxf6 30. b3 Bh5 31. a3 Re2+ 32. Kg1 Re6 33. b4 Bd1 34. Bd4 h5 35. Rd7 f5 36. Rd5 Re4 37. Bf2 Bc2 38. Rc5 Bd3 39. Kg2 Kg7 40. Rd5 Rg4+ 41. Kh2 Be4 42. Rd7+ Kf6 43. Bc5 f4 44. Be7+ Ke6 45. Rd4 Rg2+ 46. Kh3 Re2 0-1

[Event "Belt and Road Women 2024"]
[Site "Yuecheng Shaoxing"]
[Date "2024.07.24"]
[Round "1.15"]
[White "Xiao, Yiyi"]
[Black "Bai, Xue"]
[Result "1/2-1/2"]
[ECO "D05"]
[WhiteElo "2338"]
[BlackElo "2114"]
[Annotator "RC"]
[PlyCount "100"]
[EventDate "2024.08.01"]
[EventType "swiss"]
[EventCountry "CHN"]
[SourceTitle "playchess.com"]
[Source "ChessBase"]
[SourceQuality "1"]
[TimeControl "5400+30"]

1. Nf3 d5 2. e3 Nf6 3. d4 e6 4. Bd3 Be7 5. O-O b6 6. b3 Bb7 7. Bb2 Nbd7 8. Nbd2 O-O 9. Qe2 Ne4 10. c4 Re8 11. Rfd1 Bd6 12. Ne5 f6 13. Nxd7 Qxd7 14. Rac1 Qe7 15. Bxe4 dxe4 16. c5 bxc5 17. Qb5 c6 18. Qc4 cxd4 19. Nxe4 c5 20. Nxd6 Qxd6 21. exd4 cxd4 22. Rxd4 Bd5 23. Qc2 e5 24. Ra4 Qe6 25. Qd3 Red8 26. Qe3 Rd7 27. f3 Kf7 28. h3 Qb6 29. Kf2 Qe6 30. Ba3 h5 31. Ra5 Qb6 32. Ra4 Qe6 33. Rc2 a6 34. Bb4 Qf5 35. Rd2 e4 36. Ra5 exf3 37. Qxf3 Bxf3 38. Rxf5 Rxd2+ 39. Bxd2 Be4 40. Rc5 Rd8 41. Bb4 Bb1 42. a3 Ba2 43. Rc6 Bxb3 44. Rxa6 Rc8 45. Ra7+ Kg6 46. g3 Rc2+ 47. Ke3 h4 48. gxh4 Rh2 49. h5+ Kf5 50. Rxg7 Rxh3+ 1/2-1/2

[Event "Belt and Road Women 2024"]
[Site "Yuecheng Shaoxing"]
[Date "2024.07.24"]
[Round "1.16"]
[White "Yang, Yijing"]
[Black "Yan, Tianqi"]
[Result "1/2-1/2"]
[ECO "E17"]
[WhiteElo "2022"]
[BlackElo "2306"]
[Annotator "RC"]
[PlyCount "130"]
[EventDate "2024.08.01"]
[EventType "swiss"]
[EventCountry "CHN"]
[SourceTitle "playchess.com"]
[Source "ChessBase"]
[SourceQuality "1"]
[TimeControl "5400+30"]

1. Nf3 Nf6 2. c4 b6 3. g3 Bb7 4. Bg2 c5 5. O-O e6 6. Nc3 Be7 7. Re1 d5 8. cxd5 exd5 9. d4 O-O 10. Bf4 Nc6 11. Rc1 Ne4 12. dxc5 Bxc5 13. e3 Bb4 14. Qxd5 Qxd5 15. Nxd5 Bxe1 16. Nxe1 f5 17. Rxc6 Bxc6 18. Ne7+ Kh8 19. Nxc6 Rac8 20. Nb4 Rc1 21. Nbd3 Ra1 22. Kf1 Rxa2 23. g4 Nd2+ 24. Ke2 Nc4 25. Bd5 b5 26. g5 a5 27. Kf3 Ra1 28. b3 Nd2+ 29. Ke2 Ne4 30. Kf3 Rb1 31. h4 Nc3 32. Be6 Re8 33. Bxf5 Rxb3 34. Nc2 Nd5 35. Nd4 Nxf4 36. Nxb3 Nxd3 37. Bxd3 a4 38. Nd4 b4 39. Ke2 Rc8 40. Kd2 b3 41. Nb5 b2 42. Bc2 b1=Q 43. Bxb1 Rb8 44. Bd3 Kg8 45. Kc3 h6 46. gxh6 gxh6 47. h5 Kg7 48. f4 Re8 49. Kd4 Rd8+ 50. Kc3 Re8 51. e4 Rf8 52. Nd4 Rb8 53. Nb5 Rf8 54. f5 Kf6 55. Kb4 Ke5 56. Kxa4 Rd8 57. Bc2 Rd2 58. Kb3 Rh2 59. Na3 Rxh5 60. Nc4+ Kd4 61. e5 Rh3+ 62. Kb4 Rc3 63. Bb3 Rxc4+ 64. Bxc4 Kxe5 65. Bd3 h5 1/2-1/2

[Event "Belt and Road Women 2024"]
[Site "Yuecheng Shaoxing"]
[Date "2024.07.25"]
[Round "2.1"]
[White "Velpula Sarayu"]
[Black "Tan, Zhongyi"]
[Result "1/2-1/2"]
[ECO "C88"]
[WhiteElo "2384"]
[BlackElo "2540"]
[Annotator "RC"]
[PlyCount "60"]
[EventDate "2024.08.01"]
[EventType "swiss"]
[EventCountry "CHN"]
[SourceTitle "playchess.com"]
[Source "ChessBase"]
[SourceQuality "1"]
[TimeControl "5400+30"]

1. e4 e5 2. Nf3 Nc6 3. Bb5 a6 4. Ba4 Nf6 5. O-O Be7 6. Re1 b5 7. Bb3 O-O 8. a4 Na5 9. axb5 Nxb3 10. cxb3 Bb7 11. bxa6 d5 12. d4 dxe4 13. Nxe5 Rxa6 14. Rxa6 Bxa6 15. Nc6 Qd7 16. Nxe7+ Qxe7 17. Bg5 h6 18. Bxf6 Qxf6 19. Nc3 Bd3 20. Nxe4 Qxd4 21. Nc5 Qxc5 22. Qxd3 Rb8 23. g3 g6 24. Qe3 Qb4 25. Rc1 Qxb3 26. Qxh6 Qxb2 27. Rxc7 Qa1+ 28. Rc1 Rb1 29. Rxb1 Qxb1+ 30. Kg2 Qe4+ 1/2-1/2